BSA
KALAMAZOO ROYALE WITH CHEESE @ ST CHARLES SHEENS
09/14/2030
 
TOP OF THE 1ST
Kalamazoo Royale with Cheese batting - Pitching for St Charles Sheens : RHP Luis Ramírez
Pitching: RHP Luis Ramírez
Batting: RHB Millard Boyd 0-0: Ball
1-0: Ball
2-0: SINGLE (Groundball, 5D)
Batting: LHB Gene Cooper 0-0: SINGLE (Line Drive, 34D)
Millard Boyd to second
Batting: SHB Caden Keith 0-0: Ball
1-0: Ball
2-0: Called Strike
2-1: Swinging Strike
2-2: Foul Ball, location: 2F
2-2: Ball
3-2: Base on Balls
Millard Boyd to third
Gene Cooper to second
Batting: LHB Roberto Sandoval 0-0: Ball
1-0: Called Strike
1-1: Ball
2-1: Swinging Strike
2-2: Ball
3-2: Foul Ball, location: 2F
3-2: Fielders Choice at 2nd, 6-4 (Groundball, 6M)
Millard Boyd scores
Gene Cooper to third
Batting: LHB Bob Smith 0-0: Ball
1-0: Called Strike
1-1: SINGLE (Line Drive, 34)
Gene Cooper scores
Roberto Sandoval to second
Runner from 2nd tries for 3rd, SAFE, throw made to third
Batting: LHB Donovan Bird 0-0: Called Strike
0-1: Called Strike
0-2: Foul Ball, location: 2F
0-2: SINGLE (Line Drive, 34D)
Roberto Sandoval scores
Bob Smith to second
Batting: RHB Zander Tremblett 0-0: Called Strike
0-1: Ball
1-1: SINGLE (Groundball, 34D)
Bob Smith to third
Donovan Bird to second
Runner from 3rd tries for Home, SAFE, no throw
Batting: LHB Bill McJannett 0-0: Fly out, F9 (Flyball, 89M)
Batting: RHB Eichiro Yamamoto 0-0: Ball
1-0: Ball
2-0: Ball
3-0: Called Strike
3-1: Swinging Strike
3-2: Foul Ball, location: 2F
3-2: Foul Ball, location: 2F
3-2: Fly out, F7 (Line Drive, 7LM)
Top of the 1st over - 4 runs, 5 hits, 0 errors, 2 left on base; Kalamazoo 4 - St Charles 0
BOTTOM OF THE 1ST
St Charles Sheens batting - Pitching for Kalamazoo Royale with Cheese : LHP Salvador Castro
Pitching: LHP Salvador Castro
Batting: RHB Miguel Palácios 0-0: Called Strike
0-1: Ground out 4-3 (Groundball, 4MS)
Batting: RHB Jesús Hernández 0-0: Foul Ball, location: 2F
0-1: Ball
1-1: Swinging Strike
1-2: Ball
2-2: SINGLE (Flyball, 8LS)
Batting: LHB Nick Gamble 0-0: Ball
1-0: Ball
2-0: Called Strike
2-1: Foul Ball, location: 2F
2-2: Fly out, F5 (Popup, 56S)
Batting: RHB Shawn Gutiérrez 0-0: Ball
1-0: Fly out, F8 (Flyball, 8LD)
Bottom of the 1st over - 0 runs, 1 hit, 0 errors, 1 left on base; Kalamazoo 4 - St Charles 0
TOP OF THE 2ND
Kalamazoo Royale with Cheese batting - Pitching for St Charles Sheens : RHP Luis Ramírez
Batting: RHB Millard Boyd 0-0: Ball
1-0: Swinging Strike
1-1: Fly out, F7 (Flyball, 7S)
Batting: LHB Gene Cooper 0-0: Ball
1-0: Foul Ball, location: 2F
1-1: Ball
2-1: Called Strike
2-2: Foul Ball, location: 2F
2-2: Ground out 6-3 (Groundball, 6)
Batting: SHB Caden Keith 0-0: Ball
1-0: Ball
2-0: Ball
3-0: Called Strike
3-1: Foul Ball, location: 2F
3-2: SINGLE (Groundball, 34D)
Batting: LHB Roberto Sandoval 0-0: Called Strike
0-1: Ball
Caden Keith steals 2nd base
1-1: Ball
2-1: Ball
3-1: Called Strike
3-2: Base on Balls
Batting: LHB Bob Smith 0-0: Fly out, F7 (Flyball, 78D)
Top of the 2nd over - 0 runs, 1 hit, 0 errors, 2 left on base; Kalamazoo 4 - St Charles 0
BOTTOM OF THE 2ND
St Charles Sheens batting - Pitching for Kalamazoo Royale with Cheese : LHP Salvador Castro
Batting: RHB Ramón Molina 0-0: Swinging Strike
0-1: Called Strike
0-2: Strikes out swinging
Batting: SHB Henry Copeland 0-0: Ball
1-0: Ball
2-0: Swinging Strike
2-1: Foul Ball, location: 2F
2-2: Ball
3-2: Base on Balls
Batting: RHB Lorenzo González 0-0: Called Strike
0-1: Called Strike
0-2: Strikes out swinging
Batting: RHB Lúcio Alfaro 0-0: Ball
1-0: Swinging Strike
1-1: TRIPLE (Flyball, 89XD)
Henry Copeland scores
Batting: RHB Salvador Rodríguez 0-0: Called Strike
0-1: Called Strike
0-2: Foul Ball, location: 2F
0-2: Strikes out swinging
Bottom of the 2nd over - 1 run, 1 hit, 0 errors, 1 left on base; Kalamazoo 4 - St Charles 1
TOP OF THE 3RD
Kalamazoo Royale with Cheese batting - Pitching for St Charles Sheens : RHP Luis Ramírez
Batting: LHB Donovan Bird 0-0: Ball
1-0: Called Strike
1-1: SINGLE (Line Drive, 89S)
Batting: RHB Zander Tremblett 0-0: Called Strike
Donovan Bird steals 2nd base
0-1: Ball
1-1: Called Strike
1-2: Ball
2-2: Strikes out swinging
Batting: LHB Bill McJannett 0-0: Called Strike
0-1: Ball
1-1: Ball
2-1: SINGLE (Line Drive, 6MD)
Donovan Bird to third
Batting: RHB Eichiro Yamamoto 0-0: Called Strike
0-1: Foul Ball, location: 2F
0-2: SINGLE (Groundball, 4MS) (infield hit)
Donovan Bird scores
Bill McJannett to second
Batting: RHB Millard Boyd 0-0: Foul Ball, location: 2F
0-1: Ball
1-1: Ball
2-1: Foul Ball, location: 2F
2-2: SINGLE (Line Drive, 8LS)
Bill McJannett to third
Eichiro Yamamoto to second
Runner from 3rd tries for Home, throw and OUT!
Eichiro Yamamoto to third
Millard Boyd to second
Batting: LHB Gene Cooper 0-0: Fly out, F7 (Line Drive, 7)
Top of the 3rd over - 1 run, 4 hits, 0 errors, 2 left on base; Kalamazoo 5 - St Charles 1
BOTTOM OF THE 3RD
St Charles Sheens batting - Pitching for Kalamazoo Royale with Cheese : LHP Salvador Castro
Batting: RHB Miguel Palácios 0-0: Foul Ball, location: 2F
0-1: Called Strike
0-2: Ball
1-2: Strikes out looking
Batting: RHB Jesús Hernández 0-0: Ball
1-0: Called Strike
1-1: Ball
2-1: Called Strike
2-2: Ground out 1-3 (Groundball, 13)
Batting: LHB Nick Gamble 0-0: Called Strike
0-1: Ball
1-1: Called Strike
1-2: SINGLE (Groundball, 56D)
Batting: RHB Shawn Gutiérrez 0-0: Fly out, F9 (Flyball, 9D)
Bottom of the 3rd over - 0 runs, 1 hit, 0 errors, 1 left on base; Kalamazoo 5 - St Charles 1
TOP OF THE 4TH
Kalamazoo Royale with Cheese batting - Pitching for St Charles Sheens : RHP Luis Ramírez
Batting: SHB Caden Keith 0-0: Called Strike
0-1: Ball
1-1: Called Strike
1-2: Ball
2-2: Ball
3-2: Strikes out looking
Batting: LHB Roberto Sandoval 0-0: Called Strike
0-1: Ball
1-1: Called Strike
1-2: SINGLE (Line Drive, 4MD)
Batting: LHB Bob Smith 0-0: Called Strike
0-1: Fly out, F7 (Line Drive, 7S)
Batting: LHB Donovan Bird 0-0: Called Strike
0-1: Foul Ball, location: 2F
0-2: Strikes out swinging
Top of the 4th over - 0 runs, 1 hit, 0 errors, 1 left on base; Kalamazoo 5 - St Charles 1
BOTTOM OF THE 4TH
St Charles Sheens batting - Pitching for Kalamazoo Royale with Cheese : LHP Salvador Castro
Batting: RHB Ramón Molina 0-0: Ball
1-0: Swinging Strike
1-1: Ball
2-1: SINGLE (Groundball, 6MD)
Batting: SHB Henry Copeland 0-0: Foul Ball, location: 2F
0-1: Swinging Strike
0-2: Foul Ball, location: 2F
0-2: Ball
1-2: Fly out, F7 (Flyball, 7LD)
Batting: RHB Lorenzo González 0-0: Called Strike
0-1: Ball
1-1: Swinging Strike
1-2: Strikes out swinging
Batting: RHB Lúcio Alfaro 0-0: Foul Ball, location: 2F
0-1: SINGLE (Line Drive, 4M)
Ramón Molina to second
Batting: RHB Salvador Rodríguez 0-0: Called Strike
0-1: DOUBLE (Line Drive, 89D)
Ramón Molina scores
Lúcio Alfaro to third
Runner from 3rd tries for Home, SAFE, no throw
Batting: RHB Miguel Palácios 0-0: Ball
1-0: Fly out, F8 (Flyball, 89D)
Bottom of the 4th over - 2 runs, 3 hits, 0 errors, 1 left on base; Kalamazoo 5 - St Charles 3
TOP OF THE 5TH
Kalamazoo Royale with Cheese batting - Pitching for St Charles Sheens : RHP Luis Ramírez
Pitching: RHP Francisco López
Batting: RHB Zander Tremblett 0-0: Called Strike
0-1: Ball
1-1: Ball
2-1: Called Strike
2-2: Ground out 5-3 (Groundball, 56)
Batting: LHB Bill McJannett 0-0: Ball
1-0: Ball
2-0: Ball
3-0: Fly out, F8 (Line Drive, 8RM)
Batting: RHB Eichiro Yamamoto 0-0: Ball
1-0: Ground out 6-3 (Groundball, 56)
Top of the 5th over - 0 runs, 0 hits, 0 errors, 0 left on base; Kalamazoo 5 - St Charles 3
BOTTOM OF THE 5TH
St Charles Sheens batting - Pitching for Kalamazoo Royale with Cheese : LHP Salvador Castro
Batting: RHB Jesús Hernández 0-0: Swinging Strike
0-1: Foul Ball, location: 2F
0-2: Ball
1-2: Foul Ball, location: 2F
1-2: Ball
2-2: Ground out 5-3 (Groundball, 56S)
Batting: LHB Nick Gamble 0-0: Called Strike
0-1: Called Strike
0-2: Ball
1-2: Ball
2-2: Foul Ball, location: 2F
2-2: Foul Ball, location: 2F
2-2: Ball
3-2: SINGLE (Flyball, 5D)
Batting: RHB Shawn Gutiérrez 0-0: Ball
1-0: Called Strike
1-1: Ball
2-1: Foul Ball, location: 2F
2-2: Strikes out looking
Batting: RHB Ramón Molina 0-0: Ball
1-0: Ball
Wild Pitch!
Nick Gamble to second
2-0: DOUBLE (Line Drive, 7D)
Nick Gamble scores
Batting: SHB Henry Copeland 0-0: SINGLE (Groundball, 6MD)
Ramón Molina to third
Runner from 3rd tries for Home, SAFE, no throw
Batting: RHB Lorenzo González 0-0: Ball
1-0: Foul Ball, location: 2F
1-1: Ball
2-1: Fly out, F1 (Line Drive, 15)
Bottom of the 5th over - 2 runs, 3 hits, 0 errors, 1 left on base; Kalamazoo 5 - St Charles 5
TOP OF THE 6TH
Kalamazoo Royale with Cheese batting - Pitching for St Charles Sheens : RHP Francisco López
Batting: RHB Millard Boyd 0-0: Ball
1-0: Ball
2-0: Foul Ball, location: 2F
2-1: Foul Ball, location: 2F
2-2: Ball
3-2: Foul Ball, location: 2F
3-2: Ground out 5-3 (Groundball, 56)
Batting: LHB Gene Cooper 0-0: Ball
1-0: Foul Ball, location: 2F
1-1: Ball
2-1: Foul Ball, location: 2F
2-2: Ball
3-2: Base on Balls
Batting: SHB Caden Keith 0-0: Called Strike
0-1: Ball
1-1: Called Strike
1-2: Foul Ball, location: 2F
1-2: Ball
2-2: SINGLE (Line Drive, 4MD)
Gene Cooper to second
Batting: LHB Roberto Sandoval 0-0: Ball
1-0: Ball
2-0: Ball
3-0: Called Strike
3-1: Foul Ball, location: 2F
3-2: Fielders Choice at 2nd, 4-6 (Groundball, 4M)
Gene Cooper to third
Batting: LHB Bob Smith 0-0: Swinging Strike
0-1: Ball
1-1: Called Strike
1-2: Ball
2-2: Ball
3-2: Strikes out swinging
Top of the 6th over - 0 runs, 1 hit, 0 errors, 2 left on base; Kalamazoo 5 - St Charles 5
BOTTOM OF THE 6TH
St Charles Sheens batting - Pitching for Kalamazoo Royale with Cheese : LHP Salvador Castro
Batting: RHB Lúcio Alfaro 0-0: Foul Ball, location: 2F
0-1: Ball
1-1: Foul Ball, location: 2F
1-2: Ground out 4-3 (Groundball, 4)
Pitching: RHP Armen Boyajian
Batting: RHB Salvador Rodríguez 0-0: Called Strike
0-1: Ball
1-1: Ball
2-1: Swinging Strike
2-2: Ball
3-2: Strikes out looking
Batting: RHB Miguel Palácios 0-0: Called Strike
0-1: Foul Ball, location: 2F
0-2: Ball
1-2: Ball
2-2: Strikes out swinging
Bottom of the 6th over - 0 runs, 0 hits, 0 errors, 0 left on base; Kalamazoo 5 - St Charles 5
TOP OF THE 7TH
Kalamazoo Royale with Cheese batting - Pitching for St Charles Sheens : RHP Francisco López
Batting: LHB Donovan Bird 0-0: Called Strike
0-1: Ball
1-1: Ball
2-1: SINGLE (Groundball, 4MD)
Batting: RHB Zander Tremblett 0-0: Sac Bunt - play at first, batter OUT! 5-4
Donovan Bird to second
Batting: LHB Bill McJannett 0-0: Called Strike
0-1: Ball
1-1: Called Strike
1-2: Foul Ball, location: 2F
1-2: Foul Ball, location: 2F
1-2: Ball
2-2: Ball
3-2: Foul Ball, location: 2F
3-2: Foul Ball, location: 2F
3-2: Base on Balls
Pitching: RHP José González
Batting: RHB Eichiro Yamamoto 0-0: Called Strike
0-1: Ball
1-1: Swinging Strike
1-2: Ground out 5-3 (Groundball, 56)
Donovan Bird to third
Bill McJannett to second
Batting: RHB Millard Boyd 0-0: Ball
1-0: Ground out 5-3 (Groundball, 56S)
Top of the 7th over - 0 runs, 1 hit, 0 errors, 2 left on base; Kalamazoo 5 - St Charles 5
BOTTOM OF THE 7TH
St Charles Sheens batting - Pitching for Kalamazoo Royale with Cheese : RHP Armen Boyajian
Batting: RHB Jesús Hernández 0-0: Ball
1-0: Ball
2-0: Ball
3-0: Called Strike
3-1: Base on Balls
Pitching: LHP Carlos Thomas
Pinch Hitting: RHB Judson Backstrom 0-0: Called Strike
0-1: Ball
1-1: Ball
2-1: Ball
3-1: Base on Balls
Jesús Hernández to second
Pitching: RHP David Padilla
Batting: RHB Shawn Gutiérrez 0-0: Ball
1-0: Called Strike
1-1: Swinging Strike
1-2: Ball
2-2: Ball
3-2: Grounds into double play, 6-4-3 (Groundball, 6)
Jesús Hernández to third
Batting: RHB Ramón Molina 0-0: Ball
1-0: Called Strike
1-1: Swinging Strike
1-2: Strikes out looking
Bottom of the 7th over - 0 runs, 0 hits, 0 errors, 1 left on base; Kalamazoo 5 - St Charles 5
TOP OF THE 8TH
Kalamazoo Royale with Cheese batting - Pitching for St Charles Sheens : RHP José González
Now in LF: Judson Backstrom
Batting: LHB Gene Cooper 0-0: Ball
1-0: Foul Ball, location: 2F
1-1: Foul Ball, location: 2F
1-2: Ball
2-2: Fly out, F3 (Popup, 3SF)
Batting: SHB Caden Keith 0-0: Called Strike
0-1: Fly out, F7 (Flyball, 7S)
Batting: LHB Roberto Sandoval 0-0: Called Strike
0-1: Ball
1-1: Ground out 4-3 (Groundball, 4)
Top of the 8th over - 0 runs, 0 hits, 0 errors, 0 left on base; Kalamazoo 5 - St Charles 5
BOTTOM OF THE 8TH
St Charles Sheens batting - Pitching for Kalamazoo Royale with Cheese : RHP David Padilla
Pinch Hitting: LHB Larry Howard 0-0: Ball
1-0: Foul Ball, location: 2F
1-1: Foul Ball, location: 2F
1-2: Foul Ball, location: 2F
1-2: Strikes out looking
Batting: RHB Lorenzo González 0-0: Ball
1-0: Ball
2-0: Foul Ball, location: 2F
2-1: Fly out, F9 (Flyball, 89D)
Pinch Hitting: RHB José Ortega 0-0: Fly out, F9 (Flyball, 89XD)
Bottom of the 8th over - 0 runs, 0 hits, 0 errors, 0 left on base; Kalamazoo 5 - St Charles 5
TOP OF THE 9TH
Kalamazoo Royale with Cheese batting - Pitching for St Charles Sheens : RHP José González
Pitching: RHP Bob Martin
Now at 1B: Larry Howard
Now at 2B: Salvador Medine
Batting: LHB Bob Smith 0-0: Called Strike
0-1: Ball
1-1: Ball
2-1: Ground out 3-1 (Groundball, 34)
Batting: LHB Donovan Bird 0-0: SINGLE (Line Drive, 9LS)
Batting: RHB Zander Tremblett 0-0: Called Strike
0-1: Ball
1-1: Ground out U3 (Groundball, 3S)
Donovan Bird to second
Batting: LHB Bill McJannett 0-0: Ground out 6-3 (Groundball, 6)
Top of the 9th over - 0 runs, 1 hit, 0 errors, 1 left on base; Kalamazoo 5 - St Charles 5
BOTTOM OF THE 9TH
St Charles Sheens batting - Pitching for Kalamazoo Royale with Cheese : RHP David Padilla
Pitching: RHP Víctor Reyes
Pinch Hitting: RHB Glen MacDonald 0-0: Ball
1-0: Foul Ball, location: 2F
1-1: Called Strike
1-2: Fly out, F9 (Flyball, 9LS)
Batting: RHB Miguel Palácios 0-0: Called Strike
0-1: Swinging Strike
0-2: Ball
1-2: Ball
2-2: Strikes out looking
Batting: RHB Jesús Hernández 0-0: Ball
1-0: Ground out 4-3 (Groundball, 4)
Bottom of the 9th over - 0 runs, 0 hits, 0 errors, 0 left on base; Kalamazoo 5 - St Charles 5
TOP OF THE 10TH
Kalamazoo Royale with Cheese batting - Pitching for St Charles Sheens : RHP Bob Martin
Now in CF: Glen MacDonald
Batting: RHB Eichiro Yamamoto 0-0: Ball
1-0: Called Strike
1-1: Ball
2-1: SINGLE (Flyball, 9S)
Batting: RHB Millard Boyd 0-0: Called Strike
Eichiro Yamamoto steals 2nd base
0-1: Ball
1-1: Ball
2-1: Ball
3-1: Reached on error, E6 (Groundball, 6M)
Eichiro Yamamoto scores
Batting: LHB Gene Cooper 0-0: Called Strike
0-1: Swinging Strike
0-2: Ball
1-2: Strikes out swinging
Batting: SHB Caden Keith 0-0: Swinging Strike
0-1: SINGLE (Groundball, 56D)
Millard Boyd to third
Batting: LHB Roberto Sandoval 0-0: Ball
1-0: Called Strike
1-1: Ball
2-1: Ball
3-1: Fly out, F8 (Line Drive, 8LM)
Runner from 3rd tags up, SCORES, throw made
Batting: LHB Bob Smith 0-0: Called Strike
Pickoff Throw by Catcher to First - Error! E2
Caden Keith to second
0-1: Called Strike
0-2: Ball
1-2: Ball
2-2: SINGLE (Groundball, 3D)
Caden Keith to third
Runner from 3rd tries for Home, SAFE, no throw
Pitching: RHP Ricardo Montero
Batting: LHB Donovan Bird 0-0: Ball
1-0: Called Strike
1-1: Ball
2-1: Foul Ball, location: 2F
2-2: SINGLE (Groundball, 34D)
Bob Smith to second
Runner from 2nd tries for 3rd, SAFE, no throw
Batting: RHB Zander Tremblett 0-0: Ball
1-0: Ball
2-0: Called Strike
2-1: Swinging Strike
2-2: Foul Ball, location: 2F
2-2: Foul Ball, location: 2F
2-2: Ground out 4-3 (Groundball, 4)
Top of the 10th over - 3 runs, 4 hits, 2 errors, 2 left on base; Kalamazoo 8 - St Charles 5
BOTTOM OF THE 10TH
St Charles Sheens batting - Pitching for Kalamazoo Royale with Cheese : RHP Víctor Reyes
Batting: RHB Judson Backstrom 0-0: Ball
1-0: DOUBLE (Flyball, 8LXD)
Batting: RHB Shawn Gutiérrez 0-0: Ball
1-0: Ball
2-0: Foul Ball, location: 2F
2-1: Foul Ball, location: 2F
2-2: Fly out, F7 (Flyball, 7)
Batting: RHB Ramón Molina 0-0: Foul Ball, location: 2F
0-1: Ball
1-1: Called Strike
1-2: Ball
2-2: Ball
3-2: Strikes out swinging
Batting: LHB Larry Howard 0-0: Ball
1-0: Called Strike
1-1: Fly out, F7 (Flyball, 78M)
Bottom of the 10th over - 0 runs, 1 hit, 0 errors, 1 left on base; Kalamazoo 8 - St Charles 5
Saturday, April 7th, 2018 - OOTP Baseball 18.8 Build 76